 Dungeon Crawl Stone Soup version 0.20.1-1-g8b1a95d (webtiles) character file.

9747 vishdafish the Spear-Bearer (level 11, -3/71 HPs)
             Began as a Gargoyle Fighter on July 6, 2017.
             Was an Elder of Trog.
             Slain by a white ugly thing (34 damage)
             ... on level 11 of the Dungeon.
             The game lasted 00:19:54 (9750 turns).

vishdafish the Spear-Bearer (Gargoyle Fighter)      Turns: 9750, Time: 00:19:56

Health: -3/71      AC: 19    Str: 19    XL:     11   Next: 51%
Magic:  11/11      EV:  8    Int: 10    God:    Trog [****..]
Gold:   207        SH: 11    Dex: 14    Spells: 10/10 levels left

rFire    . . .     SeeInvis .   a - +0 trident
rCold    . . .     Gourm    +   c - +0 shield
rNeg     + . .     Faith    .   b - +0 scale mail
rPois    ∞         Spirit   .   M - +2 hat
rElec    +         Reflect  .   p - +0 cloak
rCorr    .         Harm     .   (no gloves)
MR       .....                  (no boots)
Stlth    ++++......             I - amulet of the gourmand
Regen    0.3/turn               C - ring of stealth
MPRegen  0.2/turn               (no ring)

@: no status effects
A: big wings, horns 1, thin skeletal structure 2, negative energy resistance 1,
sense surroundings 1, electricity resistance, weak 1, unbreathing, petrification
resistance, rot immunity, AC +7
a: Fly, Berserk, Trog's Hand, Brothers in Arms, Burn Spellbooks, Renounce
Religion


You were on level 11 of the Dungeon.
You worshipped Trog.
Trog was greatly pleased with you.
You were hungry.

You visited 3 branches of the dungeon, and saw 13 of its levels.
You also visited: Ossuary.

You collected 435 gold pieces.
You spent 228 gold pieces at shops.

Inventory:

Hand Weapons
 a - a +0 trident (weapon)
Armour
 b - a +0 scale mail (worn)
 c - a +0 shield (worn)
 m - the cursed +0 helmet of Finifuoh {Dex+2}
   (You bought it in a shop on level 7 of the Dungeon)

   It affects your dexterity (+2).
   It has a curse placed upon it.
 n - a +0 helmet
 p - a +0 cloak (worn)
 M - a +2 hat (worn)
Jewellery
 C - a ring of stealth (left hand)
 I - an amulet of the gourmand (around neck)
Wands
 f - a wand of scattershot (6/9)
 t - a wand of acid (5/15)
 E - a wand of polymorph (9/24)
 G - a wand of random effects (21/48)
 K - a wand of iceblast (1/15)
 N - a wand of flame (36/48)
Scrolls
 e - a scroll of amnesia {unknown}
 g - 12 scrolls of remove curse
 j - a scroll of magic mapping {unknown}
 q - 2 scrolls of fog {unknown}
 r - 2 scrolls of teleportation
 y - a scroll of enchant weapon {unknown}
 z - 3 scrolls of enchant armour {unknown}
 B - 4 scrolls of fear {unknown}
 D - a scroll of immolation {unknown}
 F - 2 scrolls of random uselessness {unknown}
Potions
 d - 5 potions of might
 k - 3 potions of agility
 l - 3 potions of curing
 o - 4 potions of brilliance
 u - a potion of resistance {unknown}
 v - 2 potions of experience {unknown}
 w - 2 potions of cancellation {unknown}
 x - 5 potions of haste
 A - a potion of invisibility {unknown}
 H - a potion of berserk rage {unknown}
 J - 2 potions of degeneration {unknown}
Comestibles
 h - 3 meat rations
 i - 4 royal jellies
 s - 13 fruits
 L - 3 bread rations


   Skills:
 + Level 9.0 Fighting
 * Level 10.0 Polearms
 + Level 8.9 Armour
 + Level 6.8 Stealth
 + Level 8.8 Shields


You had 10 spell levels left.
You didn't know any spells.

Dungeon Overview and Level Annotations

Branches:
Dungeon (11/15)            Temple (1/1) D:6            Lair (1/6) D:9
    Orc: D:9-12

Altars:
Ashenzari
Cheibriados
Dithmenos
Elyvilon
Fedhas
Gozag
Hepliaklqana
Kikubaaqudgha
Makhleb
Nemelex Xobeh
Okawaru
Qazlal
Ru
Sif Muna
Trog
Uskayaw
Vehumet
Xom
Yredelemnul
Zin
The Shining One

Shops:
D:7 ?[   D:10 [

Annotations:
D:4 Duvessa


Innate Abilities, Weirdness & Mutations

You are resistant to torment.
Your stone body is resilient. (AC +7)
You are immune to poison.
You resist negative energy. (rN+)
You are resistant to electric shocks. (rElec)
You can survive without breathing.
You are immune to petrification.
You are immune to rotting.
Your large and strong wings let you fly indefinitely.
You have a pair of small horns on your head.
You have a moderately thin skeletal structure. (Dex +4, Stealth+)
You passively map a small area around you.
You are weak. (Str -2)


Message History

You block the adder's attack. You block the ogre's attack.
The white ugly thing closely misses you.
You puncture the white ugly thing!
Your headbutt misses the white ugly thing.
The white ugly thing is severely wounded.
You block the adder's attack.
You puncture the white ugly thing!
The white ugly thing is severely wounded.
The white ugly thing closely misses you.
The ogre hits you but does no damage. You block the adder's attack.
You closely miss the white ugly thing.
The white ugly thing is severely wounded.
The white ugly thing tail-slaps you. The white ugly thing freezes you!!
You block the adder's attack. You block the ogre's attack.
You are too injured to fight recklessly!
You are too injured to fight recklessly!
You are too injured to fight recklessly!
You are too injured to fight recklessly!
The white ugly thing tail-slaps you. The white ugly thing freezes you!!
You die...

#########################
................@S.o.....
,
###....>..#######uO.....#
* #.......# #oo$....#
#.......# #.......# *
#<......# #.......#
#.......# #.......# ,
#.......# #.......#
#.......# #.......#
#.......# * *


You could see a white ugly thing, an orc warrior, an ogre, an orc wizard, an
adder and an orc.

Vanquished Creatures
  Snorg (D:10)
  A two-headed ogre (D:10)
  Pikel (D:9)
  Psyche (D:8)
  2 trolls (D:10)
  2 hippogriffs (D:8)
  Eustachio (D:6)
  2 hungry ghosts
  Edmund (D:5)
  2 black bears
  An orc warrior (D:8)
  6 ice beasts
  3 sky beasts
  4 phantoms
  2 ogres
  4 centaurs
  A big kobold (D:7)
  9 bullfrogs
  3 water moccasin zombies (Ossuary)
  Dowan (D:4)
  A scorpion (D:10)
  11 killer bees
  3 vampire bats (D:8)
  7 wights
  2 electric eels (D:7)
  6 howler monkeys
  2 crimson imps
  A quasit (D:8)
  A centaur zombie (D:11)
  A jelly (D:9)
  9 hounds
  2 orc priests
  Crazy Yiuf (D:2)
  3 centaur skeletons
  A bullfrog skeleton (D:11)
  2 orc wizards
  Ijyb (D:3)
  5 worker ants
  3 big kobold zombies (Ossuary)
  3 mummies
  Robin (D:2)
  3 gnolls (D:6)
  5 adders
  2 oozes
  5 adder zombies (Ossuary)
  A worm (D:4)
  2 dart slugs
  3 leopard geckos
  15 orcs
  A ball python (D:4)
  4 bat skeletons (D:8)
  A bat zombie (D:8)
  4 giant cockroaches
  2 gnoll zombies (Ossuary)
  5 hobgoblins
  8 jackals
  4 quokkas
  3 bats
  7 frilled lizards
  A giant cockroach zombie (D:5)
  11 goblins
  A goblin zombie (D:4)
  4 hobgoblin zombies (Ossuary)
  16 kobolds
  5 kobold zombies (Ossuary)
  14 orc zombies
  3 rats
244 creatures vanquished.

Vanquished Creatures (collateral kills)
  Gastronok (D:9)
1 creature vanquished.

Vanquished Creatures (others)
  3 slaves (D:9)
  A quasit (D:9)
  A centaur skeleton (D:9)
5 creatures vanquished.

Grand Total: 250 creatures vanquished

Notes
Turn   | Place    | Note
-------+----------+-------------------------------------------
     0 | D:1      | vishdafish the Gargoyle Fighter began the quest for the Orb.
     0 | D:1      | Reached XP level 1. HP: 14/14 MP: 1/1
    61 | D:1      | Reached skill level 2 in Polearms
   146 | D:1      | Reached XP level 2. HP: 19/19 MP: 2/2
   328 | D:2      | Noticed a fire elemental
   361 | D:2      | Found a blossoming altar of Fedhas.
   395 | D:2      | Found a stormy altar of Qazlal.
   396 | D:2      | Noticed an earth elemental
   396 | D:2      | Noticed a water elemental
   396 | D:2      | Noticed an air elemental
   573 | D:2      | Reached XP level 3. HP: 23/23 MP: 3/3
   633 | D:2      | Noticed Robin
   645 | D:2      | Killed Robin
   741 | D:2      | Reached XP level 4. HP: 29/29 MP: 4/4
   758 | D:2      | Found a runed door.
   792 | D:2      | Noticed Crazy Yiuf
   800 | D:2      | Killed Crazy Yiuf
  1204 | D:3      | Found a faded altar of an unknown god.
  1216 | D:3      | Became a worshipper of Trog the Wrathful
  1216 | D:3      | Reached * piety under Trog
  1560 | D:4      | Found a glowing golden altar of the Shining One.
  1570 | D:4      | Reached skill level 3 in Polearms
  1570 | D:4      | Reached XP level 5. HP: 26/33 MP: 5/5
  1824 | D:4      | Reached XP level 6. HP: 39/39 MP: 6/6
  1834 | D:4      | Found a sand-covered staircase.
  1895 | Ossuary  | Entered an ossuary
  1902 | Ossuary  | Reached ** piety under Trog
  1966 | Ossuary  | Reached skill level 4 in Polearms
  2091 | Ossuary  | Reached XP level 7. HP: 27/44 MP: 7/7
  2120 | Ossuary  | Reached skill level 5 in Armour
  2432 | D:4      | Found a hazy altar of Hepliaklqana.
  2575 | D:4      | Reached *** piety under Trog
  2609 | D:4      | Noticed Dowan
  2610 | D:4      | Noticed Ijyb
  2611 | D:4      | Noticed Duvessa
  2634 | D:4      | Reached skill level 5 in Fighting
  2676 | D:3      | Killed Ijyb
  2683 | D:4      | Killed Dowan
  2683 | D:4      | Reached skill level 5 in Shields
  2759 | D:4      | You fall through a shaft for 3 floors!
  2815 | D:7      | Reached skill level 5 in Polearms
  3027 | D:6      | Found a stormy altar of Qazlal.
  3171 | D:6      | Reached XP level 8. HP: 38/49 MP: 8/8
  3313 | D:5      | Entered Level 5 of the Dungeon
  3656 | D:5      | Gained mutation: You are covered in fur. (AC +1) [potion of mutation]
  3656 | D:5      | Gained mutation: You have a somewhat thin skeletal structure. (Dex +2, Stealth) [potion of mutation]
  3657 | D:5      | Lost mutation: You are covered in fur. (AC +1) [potion of mutation]
  3657 | D:5      | Gained mutation: You are weak. (Str -2) [potion of mutation]
  3657 | D:5      | Gained mutation: You have a moderately thin skeletal structure. (Dex +4, Stealth+) [potion of mutation]
  3657 | D:5      | Gained mutation: You have a pair of small horns on your head. [potion of mutation]
  3662 | D:5      | Gained mutation: You passively map a small area around you. [mutagenic meat]
  3663 | D:5      | Gained mutation: Your large and strong wings let you fly indefinitely. [mutagenic meat]
  3843 | D:5      | Noticed Edmund
  3850 | D:5      | Reached skill level 6 in Polearms
  3868 | D:5      | Killed Edmund
  4094 | D:5      | Found an opulent altar of Gozag.
  4117 | D:5      | Found a shattered altar of Ashenzari.
  4335 | D:6      | Found an opulent altar of Gozag.
  4363 | D:6      | Found a staircase to the Ecumenical Temple.
  4383 | Temple   | Entered the Ecumenical Temple
  4714 | D:6      | Reached **** piety under Trog
  4750 | D:6      | Reached skill level 1 in Stealth
  4750 | D:6      | Reached XP level 9. HP: 39/56 MP: 9/9
  4766 | D:6      | Found a radiant altar of Vehumet.
  5014 | D:6      | Noticed Eustachio
  5085 | D:6      | Killed Eustachio
  5351 | D:7      | Reached skill level 7 in Polearms
  5605 | D:7      | Found Betann's Antique Armour Emporium.
  5722 | D:7      | Bought a crude helmet for 228 gold pieces
  5728 | D:7      | Found Fuborr's Magic Scroll Emporium.
  5914 | D:7      | Gained mutation: You are clumsy. (Dex -2) [mutagenic meat]
  5915 | D:7      | Lost mutation: You are clumsy. (Dex -2) [mutagenic meat]
  6197 | D:8      | Found a shattered altar of Ashenzari.
  6204 | D:8      | Found a glowing silver altar of Zin.
  6204 | D:8      | Found a burning altar of Makhleb.
  6205 | D:8      | Noticed a green death
  6205 | D:8      | Noticed an angel
  6401 | D:8      | Noticed Psyche
  6411 | D:8      | Killed Psyche
  6411 | D:8      | Reached skill level 8 in Polearms
  6411 | D:8      | Reached XP level 10. HP: 63/63 MP: 10/10
  6480 | D:8      | Identified the cursed +0 helmet of Finifuoh {Dex+2} (You bought it in a shop on level 7 of the Dungeon)
  6637 | D:8      | Found an ancient bone altar of Kikubaaqudgha.
  7043 | D:9      | Found a staircase to the Lair.
  7045 | D:9      | Noticed Pikel
  7063 | D:9      | Killed Pikel
  7100 | D:9      | HP: 3/64 [killer bee (5)]
  7363 | Lair:1   | Entered Level 1 of the Lair of Beasts
  7580 | D:9      | Reached skill level 5 in Stealth
  7864 | D:9      | Found a white marble altar of Elyvilon.
  7895 | D:9      | Received a gift from Trog
  8106 | D:9      | Reached skill level 9 in Polearms
  8252 | D:9      | Noticed Gastronok
  8277 | D:9      | Killed Gastronok
  8277 | D:9      | Reached XP level 11. HP: 12/69 MP: 11/11
  8535 | D:10     | Entered Level 10 of the Dungeon
  8621 | D:10     | Found Urauzu's Armour Shoppe.
  9009 | D:10     | Noticed a two-headed ogre
  9018 | D:10     | Killed a two-headed ogre
  9122 | D:10     | Noticed Snorg
  9327 | D:10     | Killed Snorg
  9327 | D:10     | Reached skill level 10 in Polearms
  9733 | D:11     | Noticed a white ugly thing
  9750 | D:11     | Slain by a white ugly thing

Skill      XL: |  1  2  3  4  5  6  7  8  9 10 11 |
---------------+----------------------------------+-----
Polearms       | 2 3 4 5 6 8 9 10 | 10.0
Armour         | 4 5 6 7 8 |  8.9
Fighting       | 4 5 6 7 8 9 |  9.0
Shields        | 4 5 6 7 8 |  8.8
Stealth        | 1 3 6 |  6.8

Action                   |  1- 3 |  4- 6 |  7- 9 | 10-12 || total
-------------------------+-------+-------+-------+-------++-------
Melee: Trident           |   118 |   295 |   626 |   416 ||  1455
       Headbutt          |       |       |    66 |    79 ||   145
Invok: Berserk           |       |     1 |     5 |     4 ||    10
       Trog's Hand       |       |       |     1 |     1 ||     2
       Brothers in Arms  |       |       |       |     2 ||     2
 Abil: Fly               |       |       |     1 |       ||     1
       Stop Flying       |       |       |       |     1 ||     1
Evoke: Wand              |       |       |       |     2 ||     2
  Use: Potion            |       |       |     3 |     1 ||     4
       Scroll            |       |       |     6 |     3 ||     9
 Stab: Sleeping          |       |       |     2 |    12 ||    14
       Invisible         |       |       |       |     2 ||     2
       Distracted        |       |       |       |     2 ||     2
  Eat: Chunk             |       |     4 |    13 |     5 ||    22
       Bread ration      |       |     1 |     2 |     1 ||     4
       Meat ration       |       |       |     1 |     2 ||     3
       Fruit             |       |       |       |     2 ||     2
Armor: Scale mail        |    50 |   153 |   328 |   272 ||   803
Dodge: Dodged            |    24 |    78 |   161 |   158 ||   421
Block: Shield            |    44 |   160 |   319 |   305 ||   828
